 Dungeon Crawl Stone Soup version 0.18-a0-1799-g6250cb2 (webtiles) character file.

128 wvc the Slasher (level 4, -1/29 HPs)
             Began as a High Elf Gladiator on Apr 23, 2016.
             Was an Initiate of Cheibriados.
             Slain by an orc priest
             ... wielding a +0 falchion
              (6 damage)
             ... on level 3 of the Dungeon.
             The game lasted 00:04:36 (2176 turns).

wvc the Slasher (High Elf Gladiator)                Turns: 2176, Time: 00:04:37

Health: -1/29      AC:  7    Str: 15    XL:     4   Next: 87%
Magic:  5/5        EV: 13    Int: 17    God:    Cheibriados [......]
Gold:   95         SH:  0    Dex: 18    Spells: 0 memorised, 3 levels left

rFire  . . .     SeeInvis .     a - +0 long sword
rCold  . . .     Gourm    .     b - +0 leather armour
rNeg   . . .     Faith    .     (no shield)
rPois  .         Spirit   .     c - +0 helmet
rElec  .         Dismiss  .     (no cloak)
rCorr  .         Reflect  .     o - +2 pair of gloves
SustAt .         Harm     .     (no boots)
MR     .....                    (no amulet)
Stlth  +.........               (no ring)
                                e - +5 ring of intelligence

@: very slow, not resistant to hostile enchantments, very unstealthy
A: no striking features
a: Bend Time, Renounce Religion


You were on level 3 of the Dungeon.
You worshipped Cheibriados.
Cheibriados was noncommittal.
You were not hungry.

You visited 1 branch of the dungeon, and saw 3 of its levels.

You collected 95 gold pieces.

Inventory:

Hand Weapons
 a - a +0 long sword (weapon)
 i - a +0 blowgun
Missiles
 d - a throwing net
 h - 7 javelins (quivered)
 l - 18 poisoned needles
Armour
 b - a +0 leather armour (worn)
 c - a +0 helmet (worn)
 o - a +2 pair of gloves (worn)
Jewellery
 e - a +5 ring of intelligence (left hand)
Scrolls
 j - 2 scrolls of identify
 k - a scroll of noise
Potions
 m - a potion of flight
Comestibles
 f - 6 bread rations
 g - 3 meat rations


   Skills:
 - Level 2.0 Fighting
 + Level 6.8 Long Blades
 - Level 2.0 Throwing
 - Level 3.2 Dodging


You had 3 spell levels left.
You didn't know any spells.

Dungeon Overview and Level Annotations

Branches:
Dungeon (3/15)

Altars:
Cheibriados
Xom

Annotations:
D:3 bollicks1999's ghost, amateur OpAs


Message History

You hit the worm.
The worm is almost dead.
The orc priest moves out of view.
You hit the worm.
You kill the worm!
You slash the orc!
You kill the orc!
Cheibriados appreciates the change of pace.
The orc wizard gestures at you while chanting.
The magic dart hits you! The orc wizard misses you.
An orc comes into view.
You see here a dagger.
The orc shouts!
You hit the orc priest but do no damage.
The orc wizard casts a spell at you. The magic dart hits you!
* * * LOW HITPOINT WARNING * * *
The orc priest hits you with a falchion.
You die...

###.......... #.......#.# ###
#.##.#..#.# ..# #.##......# ..
#.# #.####..### #..# #.#
#.####..## #..#. #.# #........#
... ######.##########...#
#.######...o@....# #...#
##.##....<.....o..##.#### #...#
........(.)..#.##.#.....####...##
#.###.......#o.....###..........
#.........##.#.# #...)......
#.......#.##.#.###...)......
#..................####...##
#............#..)### #...#
#############..<## #...#


You could see an orc priest, an orc wizard and an orc.

Vanquished Creatures
  Terence (D:3)
  4 adders (D:2)
  An ooze (D:1)
  2 worms
  A giant gecko (D:1)
  2 orcs
  A ball python (D:1)
  5 giant cockroaches
  6 goblins
  7 hobgoblins
  6 kobolds
  A quokka (D:3)
  9 bats
  2 giant newts (D:2)
  4 rats
52 creatures vanquished.

Notes
Turn   | Place    | Note
--------------------------------------------------------------
     0 | D:1      | wvc the High Elf Gladiator began the quest for the Orb.
     0 | D:1      | Reached XP level 1. HP: 14/14 MP: 2/2
   118 | D:1      | Reached skill level 4 in Long Blades
   144 | D:1      | Reached XP level 2. HP: 18/19 MP: 3/3
   469 | D:1      | Reached skill level 5 in Long Blades
   695 | D:2      | Reached XP level 3. HP: 24/24 MP: 4/4
  1025 | D:2      | Found a shimmering altar of Xom.
  1241 | D:2      | Reached skill level 6 in Long Blades
  1241 | D:2      | Reached XP level 4. HP: 29/29 MP: 5/5
  1352 | D:2      | Found a snail-covered altar of Cheibriados.
  1424 | D:2      | Became a worshipper of Cheibriados the Contemplative
  1650 | D:3      | Noticed Terence
  1678 | D:3      | Killed Terence
  1790 | D:3      | Noticed bollicks1999's ghost (amateur OpAs)
  2176 | D:3      | Slain by an orc priest

Vault maps used:
D:1:      lightli_arrival_statuegarden, minmay_misc_feat_hallway
D:2:      lemuel_round_altar, old_standard_altar, first_bread,
          grunt_ministairs_2
D:3:      uniq_terence

Skill      XL: |  1  2  3 |
---------------+----------+-----
Long Blades    | 4 5 6 |  6.8
Fighting       | |  2.0
Throwing       | |  2.0
Dodging        | |  3.2

Action                   |  1- 3 |  4- 6 || total
-------------------------+-------+-------++-------
Melee: Long sword        |   112 |    74 ||   186
Throw: Javelin           |       |     4 ||     4
       Throwing net      |       |     3 ||     3
  Use: Scroll            |       |     7 ||     7
 Stab: Sleeping          |     2 |       ||     2
       Held in net/web   |       |     2 ||     2
  Eat: Chunk             |     1 |     2 ||     3
       Bread ration      |       |     1 ||     1
Armor: Leather armour    |    41 |    38 ||    79
Dodge: Dodged            |    95 |    70 ||   165
